 Dungeon Crawl Stone Soup version 0.26.1-11-gd32895ea62 (webtiles) character file.

Game seed: 10243173141261097480

58 MisterFreud the Sneak (level 3, 0/17 HPs)
             Began as a Felid Abyssal Knight on May 14, 2021.
             Was a Believer of Lugonu.
             Slain by an adder (5 damage)
             ... on level 2 of the Dungeon.
             The game lasted 00:02:33 (2900 turns).

MisterFreud the Sneak (Felid Abyssal Knight)        Turns: 2900, Time: 00:02:34

Health: 0/17       AC:  1    Str:  8    XL:     3   Next: 75%
Magic:  14/14      EV: 18    Int: 13    God:    Lugonu [**....]
Gold:   141        SH:  0    Dex: 12    Spells: 2/2 levels left
                                        Lives:  0   Deaths: 0

rFire    . . .     SeeInvis +     - Unarmed
rCold    . . .     Faith    .   (shield unavailable)
rNeg     . . .     Spirit   .   (armour unavailable)
rPois    .         Reflect  .   (helmet unavailable)
rElec    .         Harm     .   (cloak unavailable)
rCorr    .         Rampage  .   (gloves unavailable)
Will     .....                  (boots unavailable)
Stlth    +++.......             (no amulet)
HPRegen  0.05/turn              a - ring of magical power
MPRegen  0.14/turn              l - -4 ring of dexterity (curse)

@: lethally poisoned (0 -> -7), quick
A: very small, no armour, no weapons or thrown items, stealth, claws 1, fangs 3,
see invisible, speed 1, shaggy fur 1, sharp paws
a: Renounce Religion, Depart the Abyss, Bend Space


You were on level 2 of the Dungeon.
You worshipped Lugonu.
Lugonu was pleased with you.
You visited 1 branch of the dungeon, and saw 3 of its levels.
You visited the Abyss 1 time.

You collected 141 gold pieces.

Inventory:

Jewellery
 a - a ring of magical power (left paw)
 l - a cursed -4 ring of dexterity (right paw)
Wands
 e - a wand of flame (15)
 n - a wand of random effects (10)
Scrolls
 c - a scroll of teleportation
 g - 3 scrolls of identify
 h - a scroll of magic mapping
 i - a scroll of enchant weapon {unknown}
 j - a scroll of fear {unknown}
 m - a scroll of immolation {unknown}
Potions
 b - a potion of attraction
 d - a potion of invisibility {unknown}
 f - a potion of degeneration {unknown}
 k - a potion of brilliance {unknown}


   Skills:
 - Level 3.0 Fighting
 - Level 3.2 Dodging
 + Level 3.4 Stealth
 + Level 3.2 Unarmed Combat
 - Level 1.7 Invocations


You had 2 spell levels left.
You didn't know any spells.
Your spell library was empty.

Dungeon Overview and Level Annotations

Branches:
Dungeon (3/15)

Altars:


Innate Abilities, Weirdness & Mutations

You cannot wear armour.
You are incapable of wielding weapons or throwing items.
Your paws allow you to move quietly. (Stealth)
You have sharp claws.
You have razor-sharp teeth.
You have supernaturally acute eyesight. (SInv)
You cover ground quickly.
You are covered in fur. (AC +1)
Your sharp claws are effective at attacking unaware monsters.


Message History

There is an open door here.
You barely miss the adder.
The adder is heavily wounded.
The adder misses you.
You scratch the adder.
The adder is almost dead.
The adder bites you.
You scratch the adder.
The adder is almost dead.
The adder barely misses you.
You barely miss the adder.
The adder is almost dead.
The adder barely misses you. The adder bites you.
You are lethally poisoned!
The adder poisons you!
You barely miss the adder.
The adder is almost dead.
* * * LOW HITPOINT WARNING * * *
You feel sick. The adder bites you.
You die...

######.#######.##
*********#...............#
,,,,,,,.......#..######..#
******,.#####.#...#####..# *
****,,* #............# *
*,,,,,* #.#...######.# *
*,**,,* #.##.## #.#
***,**,,****#.*#.# #####.#####
,,,,,,,,,,,,..*#@# #.........#
***,**********##S###.###.###.#
*,* ##>g.##,* #..##.# *,****
##.....#.# ##.##.# #.##.#*
*#........####..#.#
*.....#**#.................####
**.....,,+.....................
*#...#**#.........####...#####
##...## ##.......## #..######


You could see an adder and a hobgoblin.

Vanquished Creatures
  An adder (D:2)
  A gnoll (D:2)
  A worm (D:2)
  2 dart slugs
  A giant cockroach (D:1)
  3 goblins
  6 hobgoblins
  7 kobolds
  A quokka (D:2)
  A ball python (D:1)
  2 bats (D:2)
  A frilled lizard (D:2)
  5 rats
32 creatures vanquished.

Notes
Turn   | Place    | Note
-------+----------+-------------------------------------------
     0 | Abyss:1  | MisterFreud the Felid Abyssal Knight began the quest for
                  | the Orb.
     0 | Abyss:1  | Reached XP level 1. HP: 10/10 MP: 3/3
     4 | Abyss:1  | Found a corrupted altar of Lugonu.
     6 | D:1      | Escaped the Abyss
   444 | D:1      | Reached skill level 1 in Stealth
  1002 | D:1      | Reached XP level 2. HP: 14/14 MP: 4/4
  1651 | D:2      | Reached XP level 3. HP: 17/17 MP: 5/5
  2034 | D:2      | Reached ** piety under Lugonu
  2900 | D:2      | Slain by an adder

Illustrated notes

Levels and vault maps discovered:
D:1:      minmay_arrival_solitary_statue, layout_loops_ring
D:2:      layout_loops_corners, minmay_split_cup_small
D:3:      layout_basic, gammafunk_temple_overflow_pools, goddamned_bats

Skill      XL: |  1  2  3 |
---------------+----------+-----
Stealth        | 1 2 3 |  3.4
Unarmed Combat | 3 |  3.2
Fighting       | |  3.0
Dodging        | |  3.2
Invocations    | |  1.7

Action                   || total
-------------------------++-------
Melee: Unarmed           ||   107
       Bite              ||    12
  Use: Scroll            ||     4
 Stab: Sleeping          ||     7
Armor: Skin              ||     3
Dodge: Dodged            ||    65
